 Dungeon Crawl Stone Soup version 0.30-a0-847-g17996783a1 (webtiles) character file.

Game seed: 7597030058654813637

65 demibob the Cudgeller (level 4, -2/28 HPs)
             Began as a Gargoyle Fighter on Mar 3, 2023.
             Slain by Sigmund
             ... wielding a +0 scythe
              (10 damage)
             ... on level 2 of the Dungeon.
             The game lasted 00:01:39 (1210 turns).

demibob the Cudgeller (Gargoyle Fighter)            Turns: 1210, Time: 00:01:40

Health: -2/28      AC: 10    Str: 19    XL:     4   Next: 13%
Magic:  4/4        EV:  9    Int:  9    God:
Gold:   114        SH:  0    Dex: 11    Spells: 3/3 levels left

rFire   . . .      SeeInvis .    a - +1 flail
rCold   . . .      Faith    .    (no shield)
rNeg    + . .      Spirit   .    b - +0 scale mail
rPois   ∞          Reflect  .    (no helmet)
rElec   +          Rampage  .    (no cloak)
rCorr   .                        (no gloves)
Will    .....                    (no boots) Stlth
                                 (no amulet)
HPRegen 0.24/turn                (no ring)
MPRegen 0.09/turn                (no ring)

@: confused, on berserk cooldown, slowed, very slow
A: sickness immunity, AC +3, negative energy resistance 1, electricity
resistance, torment resistance 1, petrification resistance
a: no special abilities


You were on level 2 of the Dungeon.
You visited 1 branch of the dungeon, and saw 2 of its levels.

You collected 114 gold pieces.


Innate Abilities, Weirdness & Mutations

You are immune to sickness and miasma.
Your stone body is resilient. (AC +3)
You are immune to poison.
You resist negative energy. (rN+)
You are resistant to electric shocks. (rElec)
You are resistant to unholy torment.
You are immune to petrification.


   Skills:
 - Level 3.2 Fighting
 + Level 4.3 Maces & Flails
 - Level 3.2 Armour
 - Level 3.2 Shields


You had 3 spell levels left.
You didn't know any spells.
Your spell library was empty.

Inventory:

Hand Weapons
 a - a +1 flail (weapon)
Armour
 b - a +0 scale mail (worn)
Jewellery
 F - a ring of protection from fire
Wands
 f - a wand of quicksilver (6)
Scrolls
 c - 2 scrolls of poison
 e - a scroll of blinking {unknown}
 h - a scroll of noise {unknown}
 k - a scroll of enchant armour {unknown}
Potions
 d - a potion of might

Dungeon Overview and Level Annotations

Branches:
Dungeon (2/15)

Altars:

Shops:
D:1 (

Annotations:
D:2 Sigmund

##### # ##..[##
#.##.....#
#....?>.#
#....@.# #.
#..@#### ##.
##.....# #..
#####.# #.. #.#
#.. #.########
#.. #........#
#..
#..#####.####..
#..####.....†..
#..............


You could see Sigmund.


Message History

Sigmund is heavily wounded.
Sigmund closely misses you.
You closely miss Sigmund.
Sigmund is heavily wounded.
Sigmund hits you with a +0 scythe.
You thump Sigmund!
Sigmund is almost dead.
Sigmund casts a spell at you.
You are confused.
Sigmund casts a spell at you. The puff of flame hits you!
Sigmund points at you and mumbles some strange words.
You are more confused.
You bump into the rock wall.
Sigmund points at you and mumbles some strange words.
The puff of flame hits you. Sigmund closely misses you.
Sigmund barely misses you.
Sigmund hits you from afar with a +0 scythe!
* * * LOW HITPOINT WARNING * * *
Sigmund barely misses you.
You miss Sigmund.
Sigmund is almost dead.
Sigmund gestures at you while chanting. The magic dart hits you.
* * * LOW HITPOINT WARNING * * *
You closely miss Sigmund.
Sigmund is almost dead.
Sigmund casts a spell at you. You resist with some effort.
Sigmund hits you with a +0 scythe!
You die...

Skill      XL: |  1  2  3 |
---------------+----------+-----
Maces & Flails | 3 4 |  4.3
Fighting       | |  3.2
Armour         | |  3.2
Shields        | |  3.2

Action                     |  1- 3 |  4- 6 || total
---------------------------+-------+-------++-------
  Melee: Flail             |    83 |     7 ||    90
    Use: Scroll            |     3 |       ||     3
         Potion            |     2 |     2 ||     4
 Armour: Scale mail        |    65 |     1 ||    66
  Dodge: Dodged            |    51 |     6 ||    57

Levels and vault maps discovered:
D:1:      wander_arrival_desolate, layout_basic, serial_shops,
          nicolae_shop_stone, serial_corexii_hall,
          chequers_hall_statues_corner_a, corexii_hall_statues_i,
          chequers_garden, minivault_11, minmay_misc_feat_enclosed
D:2:      layout_loops_cross, serial_shops, shop, uniq_jessica, uniq_natasha,
          uniq_sigmund

Notes
Turn   | Place    | Note
-------+----------+-------------------------------------------
     0 | D:1      | demibob the Gargoyle Fighter began the quest for the Orb.
     0 | D:1      | Reached XP level 1. HP: 14/14 MP: 1/1
   112 | D:1      | Found Aruerche's Antique Weapon Emporium.
   165 | D:1      | Reached XP level 2. HP: 4/19 MP: 2/2
   383 | D:1      | Reached skill level 3 in Maces & Flails
  1019 | D:2      | Reached XP level 3. HP: 21/23 MP: 3/3
  1109 | D:2      | Noticed Jessica
  1118 | D:2      | Killed Jessica
  1119 | D:2      | Reached skill level 4 in Maces & Flails
  1119 | D:2      | Reached XP level 4. HP: 21/28 MP: 4/4
  1193 | D:2      | Noticed Sigmund
  1210 | D:2      | Slain by Sigmund

Vanquished Creatures
  Jessica (D:2)
  An adder (D:2)
  2 ball pythons (D:1)
  7 bats
  2 endoplasms
  A giant cockroach (D:2)
  A hobgoblin (D:2)
  2 jackals (D:1)
  2 quokkas
  2 frilled lizards (D:1)
  3 goblins
  3 kobolds (D:2)
  4 rats
31 creatures vanquished.

Table legend: (Time is in decaauts)
 A = Elapsed time spent in this place.
 B = Non-inter-level travel time spent in this place.
 C = Inter-level travel time spent in this place.
 D = Time resting spent in this place.
 E = Time spent auto-exploring this place.
 F = Levels seen in this place.
 G = Mean time per level.
                   A        B        C        D        E       F      G
               +--------+--------+--------+--------+--------+-----+--------+
         Total |   1234 |   1185 |     49 |    100 |    832 |   2 |  617.0 |
       Dungeon |   1234 |   1185 |     49 |    100 |    832 |   2 |  617.0 |
               +--------+--------+--------+--------+--------+-----+--------+

Top non-repeatable levels by time:
     D:1: 870 daAuts
     D:2: 364 daAuts

Table legend:
 A = Non-vault XP
 B = Vault XP
 C = Vault XP percentage of total XP
 D = Non-vault monster count
 E = Vault monster count
 F = Vault count percentage of total count
                 A         B        C        D         E       F
            +---------+---------+-------+---------+---------+-------
      Total |      56 |      37 |  39.8 |      30 |       1 |   3.2
            +---------+---------+-------+---------+---------+-------
        D:1 |      22 |       0 |   0.0 |      15 |       0 |   0.0
        D:2 |      34 |      37 |  52.1 |      15 |       1 |   6.2
            +---------+---------+-------+---------+---------+-------
